 Dungeon Crawl Stone Soup version 0.27.1-4-g1640c2035a (webtiles) character file.

Game seed: 1445122083978932992

6827 Iepvzaeh the Protected (level 10, -2/91 HPs)
             Began as a Minotaur Berserker on Nov 1, 2021.
             Was an Elder of Trog.
             Slain by an orc warrior (4 damage)
             ... in a bailey.
             The game lasted 01:19:24 (12870 turns).

Iepvzaeh the Protected (Minotaur Berserker)        Turns: 12870, Time: 01:19:25

Health: -2/91      AC: 21    Str: 23    XL:     10   Next: 77%
Magic:  9/9        EV:  8    Int:  4    God:    Trog [****..]
Gold:   541        SH:  0    Dex: 12    Spells: 9/9 levels left

rFire    . . .     SeeInvis .   a - +4 trident
rCold    . . .     Faith    .   (no shield)
rNeg     . . .     Spirit   .   K - +0 plate armour
rPois    .         Reflect  .   (helmet restricted)
rElec    .         Harm     .   p - +0 cloak
rCorr    .         Rampage  .   (no gloves)
Will     .....                  g - +0 pair of boots
Stlth    ..........             (no amulet)
HPRegen  0.25/turn              M - +4 ring of protection
MPRegen  0.11/turn              u - +4 ring of slaying

@: on berserk cooldown, slowed, studying Armour, very slow
A: horns 2, retaliatory headbutt
a: Renounce Religion, Berserk, Trog's Hand, Brothers in Arms


You were in a bailey.
You worshipped Trog.
Trog was greatly pleased with you.
You visited 2 branches of the dungeon, and saw 15 of its levels.
You also visited: Bailey.

You collected 541 gold pieces.

Inventory:

Hand Weapons
 a - a +4 trident (weapon)
 b - a +0 arbalest
 h - a +0 shortbow
 q - a +2 whip of flaming
 s - a +4 mace
 C - a +1 whip of venom
 H - a +2 rapier of chaos
 Q - a +1 rapier of draining
 R - a +2 whip of electrocution
 S - a +0 hunting sling
Missiles
 m - 42 sling bullets
 t - 112 arrows
 v - 428 bolts
 E - 37 poisoned darts (quivered)
 T - 5 boomerangs
 Z - 4 curare-tipped darts
Armour
 g - a +0 pair of boots (worn)
 p - a +0 cloak (worn)
 K - a +0 plate armour (worn)
 W - a scarf of shadows
Jewellery
 l - a ring of fire
 u - a +4 ring of slaying (right hand)
 z - a ring of protection from cold
 A - the ring of Atheism {Fire rElec Stlth+}
   (You found it on level 4 of the Dungeon)

   [ring of fire]

   It enhances your fire magic.
   rF:        It protects you from fire.
   rC:        It makes you vulnerable to cold.
   rElec:     It insulates you from electricity.
   Stlth:     It makes you more stealthy.
 M - a +4 ring of protection (left hand)
Wands
 o - a wand of flame (14)
Scrolls
 c - a scroll of holy word {unknown}
 n - 2 scrolls of teleportation
 w - a scroll of immolation {unknown}
 D - a scroll of enchant weapon {unknown}
 I - 2 scrolls of fog
 J - 2 scrolls of blinking {unknown}
 U - a scroll of vulnerability {unknown}
 V - a scroll of amnesia {unknown}
 X - a scroll of silence {unknown}
 Y - a scroll of fear {unknown}
Potions
 d - 4 potions of lignification
 f - a potion of haste {unknown}
 i - 2 potions of curing
 j - 3 potions of degeneration
 k - a potion of cancellation {unknown}
 r - 3 potions of attraction
 B - 2 potions of ambrosia
 G - 3 potions of flight
 L - a potion of magic {unknown}
 O - 2 potions of resistance
 P - a potion of brilliance {unknown}


   Skills:
 + Level 9.3 Fighting
 - Level 6.0(7.1) Short Blades
 - Level 6.4(7.8) Long Blades
 + Level 7.2 Maces & Flails
 - Level 1.1 Polearms
 - Level 3.0(3.7) Slings
 - Level 2.3 Bows
 + Level 5.5 Crossbows
 - Level 2.9(3.4) Throwing
 + Level 10.0 Armour
 + Level 3.6 Dodging
 + Level 1.8 Stealth
 + Level 0.3 Evocations


You had 9 spell levels left.
You didn't know any spells.
Your spell library was empty.

Dungeon Overview and Level Annotations

Branches:
Dungeon (14/15)            Temple (1/1) D:5            Lair (0/6) D:11
 Bailey (1/1)
    Orc: D:9-12      Vaults: D:13-14

Altars:
Ashenzari
Cheibriados
Dithmenos
Elyvilon
Fedhas
Gozag
Hepliaklqana
Kikubaaqudgha
Makhleb
Nemelex Xobeh
Okawaru
Qazlal
Ru
Sif Muna
Trog
Uskayaw
Vehumet
Wu Jian
Xom
Yredelemnul
Zin
The Shining One


Innate Abilities, Weirdness & Mutations

You have a pair of horns on your head.
You reflexively headbutt those who attack you in melee.


Message History

You are no longer berserk.
You are exhausted.
You feel yourself slow down.
The orc knight hits you but does no damage.
Reach: a) +4 trident
Press: ? - help, Dir - move target, f/p - orc knight
Aim: an orc knight, wielding a +0 glaive and wearing a +0 plate armour (moderately wounded, about 31% to evade your +4 trident)
You reach to attack!
You hit the orc knight but do no damage.
The orc knight is moderately wounded.
The orc knight closely misses you.
Reach: a) +4 trident
Press: ? - help, Dir - move target, f/p - orc knight
Aim: an orc knight, wielding a +0 glaive and wearing a +0 plate armour (moderately wounded, about 31% to evade your +4 trident)
You reach to attack!
You hit the orc knight.
The orc knight is moderately wounded.
The orc knight hits you from afar with a +0 glaive! x2
* * * LOW HITPOINT WARNING * * *
You enter the shallow water.
Moving in this stuff is going to be slow.
The orc knight hits you from afar with a +0 glaive!
* * * LOW HITPOINT WARNING * * *
The orc knight hits you from afar with a +0 glaive.
* * * LOW HITPOINT WARNING * * *
You feel better.
The orc warrior hits you from afar with a +0 trident.
* * * LOW HITPOINT WARNING * * *
The orc knight hits you but does no damage.
The orc warrior barely misses you.
The orc warrior no longer looks unusually strong.
The orc knight roars a battlecry!
The orc warriors go into a battle-frenzy!
The orc warrior hits you from afar with a +0 trident!
* * * LOW HITPOINT WARNING * * *
The orc warrior hits you but does no damage.
The orc knight hits you from afar with a +0 glaive.
* * * LOW HITPOINT WARNING * * *
The orc warrior barely misses you.
The orc warrior hits you from afar with a +0 trident.
You die...

.................................
≈≈≈≈≈≈≈≈≈≈≈≈≈≈≈≈≈≈≈≈≈≈≈≈≈≈≈≈≈....
≈≈#.#≈≈≈≈≈≈≈≈≈≈≈≈≈≈≈≈≈≈≈#.#≈≈....
≈##.##≈≈≈≈≈≈≈≈≈≈≈≈≈≈≈≈≈##.##≈....
≈..^..≈≈≈≈≈≈≈≈≈≈≈≈≈≈≈≈≈).^..≈....
≈##.∩#≈≈≈≈≈≈≈≈≈≈≈≈≈≈≈≈≈#∩.##≈....
≈≈#)#≈≈≈≈≈≈#######≈≈))≈≈#.#≈≈....
≈≈≈≈≈≈≈≈≈≈≈##≈≈≈≈##≈≈≈≈≈≈≈≈≈≈....
≈≈≈≈≈≈≈≈≈≈≈##≈≈≈@≈##≈≈≈≈≈≈≈≈≈....
≈≈≈≈≈≈≈≈≈≈≈##'o'#≈≈##≈≈≈≈≈≈≈≈....
≈≈≈≈≈≈≈##≈≈##∩oo##≈≈#≈≈≈≈≈≈≈≈....
≈≈≈≈≈≈≈##≈####)####≈##≈≈≈≈≈≈≈....
≈≈≈≈≈≈≈##≈).#...#)'≈##≈≈≈≈≈≈≈....
≈≈≈≈≈≈≈##≈###._.###≈##≈≈≈≈≈≈≈....
≈≈≈≈≈≈≈##≈')#?.:#)'≈##≈≈≈≈≈≈≈....
≈≈≈≈≈≈≈##≈#########≈##)≈≈≈≈≈≈....
≈≈≈≈≈≈≈≈#≈≈##)#)##≈≈#≈≈[≈≈≈≈≈....


You could see an orc knight and 2 orc warriors.

Vanquished Creatures
  Pikel (D:5)
  2 manticores
  A troll (D:11)
  A wraith (D:11)
  7 yaks (D:9)
  A wyvern (D:9)
  2 steam dragons
  Menkaure (D:5)
  3 wargs (D:11)
  A water moccasin (D:7)
  An acid dragon (D:9)
  2 black bears
  9 orc warriors
  2 ogres
  A centaur (D:9)
  A phantom (D:5)
  A kobold brigand (D:9)
  2 gnoll sergeants (D:8)
  A wyvern zombie (D:8)
  4 scorpions
  A water moccasin zombie (D:5)
  4 wights (D:9)
  An electric eel (D:7)
  3 bullfrog zombies
  2 hounds
  4 centaur zombies
  2 orc priests (D:7)
  A jelly (D:6)
  2 gnoll shamans
  Jessica (D:2)
  An iguana (D:5)
  4 orc wizards
  A killer bee zombie (D:8)
  2 hound zombies (D:3)
  A hound skeleton (D:5)
  2 howler monkey zombies
  18 gnolls
  An adder (D:2)
  2 shadow imps
  2 white imps
  An ufetubus (D:7)
  2 adder zombies
  2 adder skeletons (D:3)
  4 worms
  2 dart slugs (D:4)
  32 orcs
  11 endoplasms
  2 giant cockroaches
  8 goblins
  7 hobgoblins
  7 jackals
  18 kobolds
  4 quokkas
  3 ball pythons
  2 ball python skeletons (D:3)
  2 bats
  3 frilled lizards
  A jackal zombie (D:3)
  6 rats
216 creatures vanquished.

Vanquished Creatures (collateral kills)
  A vampire mosquito (D:13)
1 creature vanquished.

Vanquished Creatures (others)
  A withered plant (D:3)
1 creature vanquished.

Grand Total: 218 creatures vanquished

Notes
Turn   | Place    | Note
-------+----------+-------------------------------------------
     0 | D:1      | Iepvzaeh the Minotaur Berserker began the quest for the
                  | Orb.
     0 | D:1      | Reached XP level 1. HP: 19/19 MP: 0/0
   273 | D:1      | Found a faded altar of an unknown god.
   289 | D:1      | Reached XP level 2. HP: 23/27 MP: 1/1
  1021 | D:2      | Reached skill level 3 in Armour
  1021 | D:2      | Reached XP level 3. HP: 33/33 MP: 2/2
  1033 | D:2      | Noticed Jessica
  1037 | D:2      | Killed Jessica
  1280 | D:2      | Reached ** piety under Trog
  1281 | D:2      | Reached XP level 4. HP: 41/41 MP: 3/3
  1624 | D:2      | Found a sacrificial altar of Ru.
  2061 | D:3      | Reached skill level 5 in Long Blades
  2084 | D:3      | Reached skill level 1 in Slings
  2090 | D:3      | Reached skill level 1 in Stealth
  2370 | D:3      | Reached XP level 5. HP: 47/47 MP: 4/4
  3400 | D:4      | Identified the ring of Atheism {Fire rElec Stlth+}
  3432 | D:4      | Found an ancient bone altar of Kikubaaqudgha.
  3457 | D:4      | Reached XP level 6. HP: 53/53 MP: 5/5
  3458 | D:4      | Found a glowing silver altar of Zin.
  3459 | D:4      | Reached *** piety under Trog
  3460 | D:4      | Noticed an angel
  3464 | D:4      | Found a shimmering altar of Xom.
  3560 | D:4      | Found a large runed translucent door.
  3561 | D:4      | Found a large runed translucent door.
  3561 | D:4      | Found a shimmering altar of Xom.
  3992 | D:5      | Entered Level 5 of the Dungeon
  4031 | D:4      | Reached skill level 1 in Polearms
  4335 | D:5      | Reached skill level 1 in Short Blades
  4335 | D:5      | Reached skill level 4 in Armour
  4368 | D:5      | Reached skill level 5 in Fighting
  4653 | D:5      | Noticed Pikel
  4666 | D:5      | Killed Pikel
  4667 | D:5      | Reached skill level 1 in Maces & Flails
  4667 | D:5      | Reached skill level 5 in Armour
  4667 | D:5      | Reached XP level 7. HP: 28/61 MP: 6/6
  4937 | D:5      | Reached XP level 8. HP: 42/69 MP: 7/7
  5275 | D:5      | Reached skill level 6 in Armour
  5279 | D:5      | Found a staircase to the Ecumenical Temple.
  5286 | D:5      | Reached skill level 1 in Throwing
  5307 | D:5      | Noticed Menkaure
  5323 | D:5      | Killed Menkaure
  5368 | Temple   | Entered the Ecumenical Temple
  5820 | D:5      | Found a blossoming altar of Fedhas.
  5846 | D:5      | Found a shimmering blue altar of Sif Muna.
  6387 | D:6      | Found a stormy altar of Qazlal.
  6515 | D:6      | Found a hazy altar of Hepliaklqana.
  6764 | D:6      | Reached skill level 5 in Short Blades
  6777 | D:7      | Reached skill level 7 in Armour
  7660 | D:7      | Reached XP level 9. HP: 78/78 MP: 8/8
  7666 | D:7      | Found a radiant altar of Vehumet.
  8045 | D:7      | Found an opulent altar of Gozag.
  8347 | D:7      | Reached **** piety under Trog
  8737 | D:8      | Reached skill level 5 in Maces & Flails
  8785 | D:8      | Found a shadowy altar of Dithmenos.
  9240 | D:8      | Reached skill level 8 in Armour
  9503 | D:9      | Found a white marble altar of Elyvilon.
  9615 | D:9      | Reached skill level 1 in Bows
  9756 | D:9      | Reached skill level 9 in Armour
  9879 | D:9      | Reached XP level 10. HP: 66/88 MP: 9/9
 10012 | D:9      | Reached skill level 1 in Crossbows
 10241 | D:9      | Found a basalt altar of Yredelemnul.
 10465 | D:10     | Entered Level 10 of the Dungeon
 10929 | D:11     | Found a staircase to the Lair.
 10929 | D:11     | You fall into a shaft and drop 2 floors!
 10929 | D:13     | Noticed a centaur warrior
 10936 | D:13     | Noticed a manticore
 10948 | D:13     | Killed a manticore
 11218 | D:13     | Noticed a death knight
 11244 | D:14     | Noticed a centaur warrior
 11245 | D:14     | HP: 1/90 [centaur/arrow[a centaur warrior] (8)]
 11324 | D:12     | Noticed a manticore
 11335 | D:12     | Killed a manticore
 11613 | D:12     | Found a flagged portal.
 11628 | Bailey   | Entered a bailey
 11942 | Bailey   | Reached skill level 5 in Crossbows
 12332 | Bailey   | Reached skill level 10 in Armour
 12855 | Bailey   | Noticed an orc knight
 12870 | Bailey   | HP: 4/91 [orc warrior (12)]
 12870 | Bailey   | Slain by an orc warrior

Illustrated notes

Levels and vault maps discovered:
D:1:      lightli_arrival_chessboard, layout_loops_ring, basic_ecumenical_altar
D:2:      layout_basic, basic_altar, uniq_jessica
D:3:      layout_basic, serial_undead, serial_undead_e, serial_undead_a,
          serial_undead_f, serial_undead_e, serial_undead_a, minmay_vboxes
D:4:      due_chaos_kobolds, layout_loops_ring,
          grunt_temple_overflow_order_and_chaos_1,
          nicolae_kikubaaqudgha_miasma_corner, minmay_door_square,
          minmay_checkerbox
D:5:      layout_loops_corners, mainiacjoe_overflow_two_lobes,
          minmay_temple_entry_slanted, uniq_menkaure, uniq_pikel
D:6:      layout_basic, mainiacjoe_overflow_boulevard,
          mainiacjoe_overflow_small_starburst
D:7:      layout_basic, lemuel_crystal_altar, general_overflow_altar,
          kennysheep_minor_cross, hex_medium
D:8:      layout_rooms, lemuel_round_altar, kennysheep_donut
D:9:      layout_basic, elyvilon_altar_3, yredelemnul_altar_generic
D:10:     layout_long_grid, minmay_orc_entry_guard_dogs
D:11:     layout_roguey, lair_entry_dummy, blue_anna_alchemist
D:12:     layout_irregular_city, enter_bailey_6
D:13:     layout_roguey [special_room_bee], gauntlet_entry_generic, uniq_urug
D:14:     layout_big_octagon, ximxim_vaults_locker_room, patterned_corridor,
          roderic_roman_lattice
Temple:   cyrus_temple_forest
Bailey:   bailey_polearm_2, bailey

Skill      XL: |  1  2  3  4  5  6  7  8  9 10 |
---------------+-------------------------------+-----
Fighting       | 4 5 6 7 9 |  9.3
Long Blades    | 4 5 6 |  6.4
Armour         | 3 5 7 9 10 | 10.0
Slings         | 1 2 3 |  3.0
Stealth        | 1 |  1.8
Polearms       | 1 |  1.1
Short Blades   | 3 5 6 |  6.0
Maces & Flails | 1 3 6 7 |  7.2
Dodging        | 3 |  3.6
Throwing       | 1 2 |  2.9
Bows           | 2 |  2.3
Crossbows      | 5 |  5.5
Evocations     | |  0.3

Action                   |  1- 3 |  4- 6 |  7- 9 | 10-12 || total
-------------------------+-------+-------+-------+-------++-------
Melee: Falchion          |    24 |    57 |       |       ||    81
       Headbutt          |    10 |    33 |    48 |     6 ||    97
       Long sword        |    25 |    31 |       |       ||    56
       Trident           |       |    33 |       |    26 ||    59
       Rapier            |       |    28 |    44 |       ||    72
       Flail             |       |     4 |       |       ||     4
       Whip              |       |     2 |   174 |    53 ||   229
 Fire: Hunting sling     |       |    19 |    19 |       ||    38
       Shortbow          |       |       |    39 |       ||    39
       Hand crossbow     |       |       |     5 |    50 ||    55
       Arbalest          |       |       |       |    30 ||    30
Throw: Stone             |     8 |     8 |       |       ||    16
       Dart              |       |     2 |    27 |     9 ||    38
       Throwing net      |       |       |     3 |       ||     3
Invok: Berserk           |       |       |     1 |     2 ||     3
       Trog's Hand       |       |       |       |     2 ||     2
       Brothers in Arms  |       |       |       |     1 ||     1
Evoke: Wand              |       |     2 |     1 |       ||     3
  Use: Scroll            |       |       |     9 |     5 ||    14
       Potion            |       |       |       |     6 ||     6
 Stab: Sleeping          |       |     2 |       |       ||     2
Armor: Animal skin       |     3 |     6 |       |       ||     9
       Scale mail        |       |    53 |    37 |       ||    90
       Plate armour      |       |       |    96 |   104 ||   200
       Chain mail        |       |       |     1 |       ||     1
Dodge: Dodged            |    28 |    84 |   106 |    76 ||   294
       Rpst.: Falchion   |     1 |    11 |       |       ||    12
       Long sword        |     6 |     4 |       |       ||    10
